AoeStats
← 夜天刃233

Black Forest

510343295Analyzed
2v2 RM · 2d ago on Sep 30, 2026· 52m 41s· 4 players
Game mode
Random Map
Map size
Medium (4 player)
Population
200
Speed
Normal
Resources
Standard
Victory
Conquest
Starting age
Dark Age
Ending age
Imperial Age
RankedLock teamsTeams togetherTeam positionsShared explorationLock speedFull tech treeHidden civsTurbo modeCheats
Victory
Defeat
🇺🇸 Malians · United States
743
+16
🇪🇨 Mongols · Ecuador
705
+25
🇨🇳 Teutons · China
761
-44
736
-17
astonge7878
0:57 Loom
12:19 Feudal Age
17:42 Castle Age
18:50 Double-Bit Axe
19:44 Horse Collar
19:59 Stone Mining
22:41 Wheelbarrow
22:30 Arson
22:47 Squires
25:26 Scale Mail Armor
25:36 Forging
27:00 Chain Mail Armor
27:33 Iron Casting
28:46 Hand Cart
28:24 Gold Mining
29:09 Stone Shaft Mining
28:40 Heavy Plow
31:21 Bow Saw
36:03 Imperial Age
34:15 Scale Barding Armor
35:28 Bloodlines
35:20 Husbandry
37:06 Chain Barding Armor
36:13 Light Cavalry
36:57 Farimba
38:25 Plate Barding Armor
43:25 Heavy Camel Rider
Wilypf
5:57 Loom
12:21 Feudal Age
14:24 Double-Bit Axe
15:45 Scale Barding Armor
18:08 Castle Age
17:53 Gold Mining
20:04 Wheelbarrow
19:27 Town Watch
31:17 Bow Saw
33:43 Imperial Age
31:50 Hand Cart
32:05 Town Patrol
32:10 Stone Mining
33:03 Horse Collar
33:20 Fletching
35:35 Stone Shaft Mining
35:37 Gold Shaft Mining
35:36 Heavy Plow
35:47 Bodkin Arrow
36:22 Ballistics
36:38 Conscription
37:44 Bracer
37:46 Padded Archer Armor
37:34 Pikeman
38:16 Squires
40:16 Chemistry
41:03 Fortified Wall
41:22 Elite Mangudai
42:28 Forging
42:19 Scale Mail Armor
45:08 Leather Archer Armor
45:30 Iron Casting
46:26 Chain Mail Armor
46:32 Chain Barding Armor
49:23 Blast Furnace
48:55 Plate Mail Armor
48:50 Thumb Ring
48:07 Elite Skirmisher
48:09 Crossbowman
49:20 Drill
孤儿院剑圣月夜狐
0:29 Loom
13:18 Feudal Age
13:44 Double-Bit Axe
13:40 Horse Collar
18:06 Wheelbarrow
21:09 Castle Age
20:52 Bloodlines
21:36 Stone Mining
22:35 Gold Mining
23:16 Bow Saw
23:50 Heavy Plow
25:21 Light Cavalry
26:01 Husbandry
28:28 Scale Barding Armor
28:33 Forging
30:24 Chain Barding Armor
30:40 Iron Casting
34:30 Fletching
38:36 Imperial Age
36:27 Hand Cart
36:05 Town Watch
36:37 Hand Cart
39:32 Stone Shaft Mining
40:47 Plate Barding Armor
41:13 Blast Furnace
42:07 Crop Rotation
42:13 Hussar
43:11 Elite Ballista Elephant
44:13 Conscription
47:09 Double Crossbow
47:56 Gold Shaft Mining
48:13 Elite Ballista Elephant
夜天刃233
1:31 Loom
13:45 Feudal Age
14:08 Horse Collar
14:16 Double-Bit Axe
15:26 Wheelbarrow
21:49 Castle Age
20:22 Fletching
20:58 Scale Barding Armor
23:15 Bow Saw
23:30 Bloodlines
29:20 Chain Barding Armor
34:19 Hand Cart
36:22 Fortified Wall
36:25 Masonry
36:37 Ballistics
38:57 Gold Mining
38:51 Crossbowman
42:23 Imperial Age
40:27 Crossbowman
42:03 Bodkin Arrow
43:43 Arrowslits
48:19 Guard Tower
Connection lost

Rejoining the realm…

Still unreachable

The connection could not be restored.

Session expired

The server has moved on; the page needs a fresh start.